 Dungeon Crawl Stone Soup version 0.21.1-1-g345015fe64 (webtiles) character file.

7597 Lothor the Slinger (level 11, -3/82 HPs)
             Began as a Halfling Hunter on Mar 20, 2018.
             Was a Priest of Trog.
             Slain by a four-headed hydra (6 damage)
             ... on level 8 of the Dungeon.
             The game lasted 01:02:27 (9697 turns).

Lothor the Slinger (Halfling Hunter)                Turns: 9697, Time: 01:02:30

Health: -3/82      AC: 12    Str: 21    XL:     11   Next: 40%
Magic:  11/11      EV: 14    Int:  9    God:    Trog [***...]
Gold:   478        SH:  0    Dex: 16    Spells: 10/10 levels left

rFire    . . .     SeeInvis .   A - +4 hunting sling (flame)
rCold    + . .     Gourm    +   (shield restricted)
rNeg     + . .     Faith    .   z - +1 scale mail {rC+}
rPois    .         Spirit   .   p - +1 helmet
rElec    .         Reflect  .   t - scarf {cloud immunity}
rCorr    +         Harm     .   c - +0 pair of gloves
MR       .....                  (no boots)
Stlth    +.........             F - amulet of the gourmand
HPRegen  0.23/turn              H - ring of positive energy
MPRegen  0.12/turn              j - ring of resist corrosion

@: mighty, about to teleport
A: small, mutation resistance 1
a: Berserk, Trog's Hand, Burn Spellbooks, Renounce Religion


You were on level 8 of the Dungeon.
You worshipped Trog.
Trog was most pleased with you.
You were full.

You visited 3 branches of the dungeon, and saw 10 of its levels.

You collected 478 gold pieces.

Inventory:

Hand Weapons
 b - a +1 whip of flaming
 k - a +1 dagger of venom
 A - a +4 hunting sling of flaming (weapon)
 C - a cursed +3 morningstar
 D - a +0 shortbow
Missiles
 d - 44 sling bullets (quivered)
 g - 184 arrows
 i - 309 stones
Armour
 c - a +0 pair of gloves (worn)
 p - a +1 helmet (worn)
 t - a scarf of cloud immunity (worn)
 w - a +0 cloak of invisibility
 z - a +1 scale mail of cold resistance (worn)
Jewellery
 j - a ring of resist corrosion (right hand)
 F - an amulet of the gourmand (around neck)
 H - a ring of positive energy (left hand)
Scrolls
 a - a scroll of blinking {unknown}
 e - 5 scrolls of remove curse
 l - a scroll of random uselessness {unknown}
 o - a scroll of amnesia
 s - 7 scrolls of teleportation
 u - a scroll of acquirement {unknown}
 x - 2 scrolls of immolation {unknown}
 y - a scroll of enchant armour {unknown}
 M - a scroll of magic mapping {unknown}
Potions
 h - 4 potions of agility
 m - 4 potions of flight
 q - a potion of cancellation {unknown}
 v - a potion of brilliance
 B - 3 potions of haste {unknown}
 E - 2 potions of curing
 G - 2 potions of lignification {unknown}
 I - a potion of heal wounds {unknown}
 J - 2 potions of invisibility {unknown}
 Q - a potion of ambrosia {unknown}
Comestibles
 f - 16 rations


   Skills:
 * Level 10.5 Fighting
 - Level 14.5 Slings
 * Level 3.8 Bows
 + Level 6.6 Armour
 + Level 3.3 Dodging
 + Level 2.1 Stealth


You had 10 spell levels left.
You didn't know any spells.

Dungeon Overview and Level Annotations

Branches:
Dungeon (8/15)             Temple (1/1) D:5            Lair (1/6) D:8

Altars:
Ashenzari
Cheibriados
Dithmenos
Elyvilon
Fedhas
Gozag
Hepliaklqana
Kikubaaqudgha
Makhleb
Nemelex Xobeh
Okawaru
Qazlal
Ru
Sif Muna
Trog
Uskayaw
Vehumet
Wu Jian
Xom
Yredelemnul
Zin
The Shining One

Shops:
D:4 :


Innate Abilities, Weirdness & Mutations

You are small and have problems with some larger weapons.
You are somewhat resistant to further mutation.


Message History

The four-headed hydra bites you.
* * * LOW HITPOINT WARNING * * *
The four-headed hydra completely misses you.
As you read the scroll of teleportation, it crumbles to dust.
You feel strangely unstable. The four-headed hydra bites you!
* * * LOW HITPOINT WARNING * * *
The four-headed hydra bites you!
* * * LOW HITPOINT WARNING * * *
The four-headed hydra closely misses you.
The four-headed hydra bites you but does no damage.
Firing (i - inventory. (,) - cycle):
d - 45 sling bullets (quivered)
Press: ? - help, Shift-Dir - straight line, f/p - four-headed hydra
Aim: a four-headed hydra (moderately wounded)
You shoot a sling bullet.
The sling bullet hits the four-headed hydra!
The sling bullet burns the four-headed hydra!
The four-headed hydra is heavily wounded.
The four-headed hydra bites you but does no damage.
The four-headed hydra bites you.
You die...

#..).#.#.####.# ##.#......
#######)#'#......### #.#......
.........)))..P....######........
..............P.P.............>..
###....).......P.P...............
##..........PP.......##.........
#.......P.P.....P....P#.........
#.#......P...####..PPP#.........
#.#.........P#(@#...............
##.#......P...'.D#......##.#.#'##
...#......P.P.####P..P.###.#.#.#
####.....P....P..PP.P..# #.#.#.#
#.####.......P..P.P.# #.#...##
####.# #.........P....# #......#
.....# #........PP....#####....#
###### #.......................#
#..............#####.#..#


You could see a four-headed hydra.

Vanquished Creatures
  The ghost of Fuxmar the Covert, a novice OpFi of Dithmenos (D:8)
  Pikel (D:5)
  Maurice (D:8)
  A rime drake (Lair:1)
  Grinder (D:5)
  The ghost of Fuxmar the Sneak, an amateur OpFi (D:4)
  3 hippogriffs
  4 yaks
  3 hogs (D:7)
  A wyvern (D:6)
  A human (D:7)
  A water moccasin (D:8)
  2 porcupines (Lair:1)
  A sky beast (D:5)
  3 orc warriors
  An ice beast (D:5)
  3 slaves (D:5)
  2 centaurs
  6 ogres
  A necrophage (D:8)
  4 black bears
  A crocodile (D:8)
  A big kobold (D:8)
  4 bullfrogs
  A water moccasin skeleton (D:8)
  A scorpion (D:8)
  5 wights (D:7)
  4 howler monkeys
  A jelly (D:8)
  A bullfrog zombie (D:6)
  3 crimson imps
  5 hounds
  6 orc priests
  2 centaur skeletons
  3 orc wizards
  An iron imp (D:5)
  A bullfrog skeleton (D:6)
  An iguana (D:7)
  4 worker ants
  2 worker ant zombies
  3 gnolls (D:5)
  17 adders
  A shadow imp (D:5)
  An ooze (D:1)
  An adder skeleton (D:8)
  3 worms
  4 dart slugs
  5 leopard geckos
  15 orcs
  10 bats
  4 giant cockroaches
  3 goblins
  7 hobgoblins
  21 jackals
  5 quokkas
  4 ball pythons
  3 frilled lizards
  A giant cockroach zombie (D:5)
  2 jackal skeletons (D:5)
  5 kobolds
  3 rats
  A bush (D:7)
  5 fungi (D:8)
  A plant (D:8)
214 creatures vanquished.

Vanquished Creatures (others)
  8 fungi (D:8)
8 creatures vanquished.

Grand Total: 222 creatures vanquished

Notes
Turn   | Place    | Note
-------+----------+-------------------------------------------
     0 | D:1      | Lothor the Halfling Hunter began the quest for the Orb.
     0 | D:1      | Reached XP level 1. HP: 14/14 MP: 1/1
    54 | D:1      | Reached skill level 6 in Slings
   191 | D:1      | Reached XP level 2. HP: 19/19 MP: 2/2
   563 | D:1      | Reached XP level 3. HP: 24/24 MP: 3/3
   703 | D:1      | Reached skill level 7 in Slings
  1201 | D:2      | Reached XP level 4. HP: 29/29 MP: 4/4
  1228 | D:2      | Reached skill level 1 in Armour
  1677 | D:2      | Reached skill level 8 in Slings
  1681 | D:2      | Reached XP level 5. HP: 25/34 MP: 5/5
  1715 | D:2      | HP: 1/34 [poisoned by an adder]
  2908 | D:3      | Reached skill level 9 in Slings
  3599 | D:4      | Reached XP level 6. HP: 39/39 MP: 6/6
  3647 | D:4      | Noticed Fuxmar's ghost (amateur OpFi)
  3676 | D:4      | Killed Fuxmar's ghost
  3676 | D:4      | Reached skill level 11 in Slings
  3676 | D:4      | Reached XP level 7. HP: 33/44 MP: 7/7
  3771 | D:4      | Found Noyblalu's Book Emporium.
  4333 | D:5      | Entered Level 5 of the Dungeon
  4333 | D:5      | Noticed Grinder
  4351 | D:5      | Killed Grinder
  4351 | D:5      | Reached skill level 12 in Slings
  4707 | D:5      | Found a staircase to the Ecumenical Temple.
  4747 | Temple   | Entered the Ecumenical Temple
  4786 | Temple   | Became a worshipper of Trog the Wrathful
  5076 | D:5      | Reached XP level 8. HP: 50/50 MP: 8/8
  5164 | D:5      | Found a snail-covered altar of Cheibriados.
  5335 | D:5      | Noticed Pikel
  5379 | D:5      | Killed Pikel
  5379 | D:5      | Reached skill level 13 in Slings
  5379 | D:5      | Reached XP level 9. HP: 56/58 MP: 9/9
  5970 | D:6      | Reached skill level 5 in Fighting
  6825 | D:6      | Noticed a hippogriff
  6831 | D:6      | Killed a hippogriff
  6853 | D:6      | Reached * piety under Trog
  7022 | D:6      | Reached skill level 14 in Slings
  7022 | D:6      | Reached skill level 5 in Armour
  7022 | D:6      | Reached XP level 10. HP: 67/69 MP: 10/10
  7285 | D:7      | Found a bloodstained altar of Trog.
  7679 | D:7      | Reached ** piety under Trog
  8479 | D:8      | Reached skill level 1 in Bows
  8499 | D:8      | Found a stormy altar of Qazlal.
  8597 | D:8      | Reached XP level 11. HP: 80/80 MP: 11/11
  8607 | D:8      | Noticed Maurice
  8639 | D:8      | Killed Maurice
  8874 | D:8      | Found a staircase to the Lair.
  8876 | D:8      | Noticed Fuxmar's ghost (novice OpFi)
  8890 | D:8      | Killed Fuxmar's ghost
  8890 | D:8      | Reached skill level 10 in Fighting
  8915 | D:8      | Reached *** piety under Trog
  9631 | Lair:1   | Entered Level 1 of the Lair of Beasts
  9671 | Lair:1   | Noticed a four-headed hydra
  9696 | D:8      | HP: 3/82 [four-headed hydra (8)]
  9697 | D:8      | Slain by a four-headed hydra

Skill      XL: |  1  2  3  4  5  6  7  8  9 10 11 |
---------------+----------------------------------+-----
Slings         | 6 7 8 9 11 12 13 14 | 14.5
Armour         | 1 2 3 5 6 |  6.6
Fighting       | 2 4 6 9 10 | 10.5
Bows           | 1 3 |  3.8
Stealth        | 2 |  2.1
Dodging        | 3 |  3.3

Action                   |  1- 3 |  4- 6 |  7- 9 | 10-12 || total
-------------------------+-------+-------+-------+-------++-------
Melee: Whip              |       |       |       |    58 ||    58
       Dagger            |       |       |       |     5 ||     5
 Fire: Hunting sling     |    68 |   157 |   246 |   302 ||   773
Invok: Berserk           |       |       |       |     2 ||     2
  Use: Scroll            |       |     7 |     7 |     8 ||    22
       Potion            |       |     3 |       |     1 ||     4
  Eat: Chunk             |       |     5 |    23 |     8 ||    36
       Ration            |       |     1 |     1 |       ||     2
Armor: Leather armour    |     4 |     5 |       |       ||     9
       Ring mail         |       |    10 |     3 |       ||    13
       Scale mail        |       |       |    17 |    25 ||    42
Dodge: Dodged            |    15 |    31 |    45 |    33 ||   124
